 Dungeon Crawl Stone Soup version 0.27-a0-1591-gc56fcc985a (webtiles) character file.

Game seed: 6398155469297977922

751 Angani the Magician (level 8, -1/56 HPs)
             Began as a Djinni Hedge Wizard on July 19, 2021.
             Blown up by a gnoll (9 damage)
             ... with a mindburst bolt
             ... on level 3 of the Dungeon.
             The game lasted 00:16:02 (6264 turns).

Angani the Magician (Djinni Hedge Wizard)           Turns: 6264, Time: 00:16:03

Health: -1/56      AC:  4    Str:  9    XL:     8   Next: 6%
Gold:   107        EV: 12    Int: 17    God:
                   SH:  0    Dex: 14

rFire    + + .     SeeInvis .   t - +1 dagger (venom)
rCold    x . .     Faith    .   (no shield)
rNeg     . . .     Spirit   .   b - +0 robe
rPois    ∞         Reflect  .   c - +0 hat
rElec    .         Harm     .   q - +0 cloak
rCorr    .         Rampage  .   m - +0 pair of gloves
Will     .....                  (boots unavailable)
Stlth    ++........             (no amulet)
HPRegen  0.18/turn              (no ring)
MPRegen  0.00/turn              (no ring)

@: freezing walls, flying
A: sickness immunity, fire resistance 2, cold vulnerability 1, float, innate
caster, hp casting, extra vitality 1
a: no special abilities


You were on level 3 of the Dungeon.
You visited 1 branch of the dungeon, and saw 3 of its levels.
You also visited: Sewer.

You collected 107 gold pieces.

Inventory:

Hand Weapons
 t - a +1 dagger of venom (weapon)
Missiles
 s - 4 curare-tipped darts
Armour
 b - a +0 robe (worn)
 c - a +0 hat (worn)
 m - a +0 pair of gloves (worn)
 q - a +0 cloak (worn)
Wands
 l - a wand of iceblast (10)
Scrolls
 d - a scroll of fog {unknown}
 e - a scroll of brand weapon {unknown}
 f - a scroll of immolation {unknown}
 h - 4 scrolls of identify {unknown}
 j - a scroll of fear {unknown}
 n - a scroll of enchant armour {unknown}
 r - a scroll of blinking {unknown}
 w - a scroll of noise {unknown}
Potions
 a - 2 potions of magic {unknown}
 g - a potion of brilliance {unknown}
 i - a potion of cancellation {unknown}
 k - 2 potions of haste {unknown}
 o - a potion of heal wounds {unknown}
 p - 2 potions of curing
 u - a potion of might {unknown}
 v - 2 potions of mutation {unknown}


   Skills:
 * Level 3.5 Fighting
 + Level 0.4 Short Blades
 - Level 2.1 Dodging
 - Level 1.5 Stealth
 + Level 6.1 Spellcasting


You couldn't memorise any spells.
You knew the following spells:

 Your Spells              Type           Power      Damage    Failure   Level
a - Magic Dart            Conj           100%       1d8       1%          1
b - Blink                 Tloc           N/A        N/A       1%          2
c - Call Imp              Summ           26%        N/A       1%          2
d - Slow                  Hex            26%        N/A       1%          2
e - Conjure Flame         Conj/Fire      26%        6-21      3%          3
f - Mephitic Cloud        Conj/Pois/Air  26%        N/A       3%          3
g - Beastly Appendage     Tmut           52%        N/A       1%          1
h - Static Discharge      Conj/Air       26%        N/A       1%          2
i - Frozen Ramparts       Ice            52%        1d7       3%          3
Your spell library was empty.

Dungeon Overview and Level Annotations

Branches:
Dungeon (3/15)              Sewer (visited)

Altars:
Qazlal

Shops:
D:1 =

Annotations:
D:3 1 transporter


Innate Abilities, Weirdness & Mutations

You are immune to sickness and miasma.
You are immune to poison.
Your flesh is very heat resistant. (rF++)
You are vulnerable to cold. (rC-)
You float through the air rather than walking.
You learn spells naturally, not from books.
Your magical power is your life essence.
You have superior vitality. (+4 HP)


Message History

Boben's ghost is struck by an arc of lightning!
Boben's ghost is heavily damaged.
The gnoll is struck by an arc of lightning.
You kill the gnoll!
The lightning grounds out.
The gnoll is struck by an arc of lightning!
You kill the gnoll!
The lightning grounds out.
The wall freezes boben's ghost.
Boben's ghost barely misses you.
The wall freezes the gnoll!
Unknown command.
Unknown command.
Unknown command.
Casting: Static Discharge (safe; 1% risk of failure)
Confirm with . or Enter, or press ? or * to list all spells.
Boben's ghost is struck by an arc of lightning!
Boben's ghost is almost destroyed.
You are struck by an arc of lightning.
Boben's ghost is struck by an arc of lightning.
You destroy boben's ghost!
The lightning grounds out.
The wall freezes the gnoll. x2
You kill the gnoll!
Your Spellcasting skill increases to level 6!
You have reached level 8!
You feel agile.
Unknown command.
The frozen ramparts melt away.
Unknown command.
Things that are here:
a +0 club; a +0 spear; 16 stones
There is an open translucent door here.
The gnoll zaps a wand.
Your mind is blasted!
* * * LOW HITPOINT WARNING * * *
Casting: Static Discharge (safe; 1% risk of failure)
Confirm with . or Enter, or press ? or * to list all spells.
Casting: Frozen Ramparts (dangerous; 3% risk of failure)
Press: ? - help, Dir - look around, f - activate The walls around you are covered in ice.
* * * LOW HITPOINT WARNING * * *
The gnoll zaps a wand.
Your mind is blasted!
You die...

####...........#####≈≈..#
.#g#.###.©.###.#.#.#≈≈..######
..g###.#####©###...#≈≈.......#
##g.........g.)..###≈≈.#####.#
8#.######'######g#8.≈≈.# #.#
##.#.⌠.#.(8#...#g##.≈≈.# #.#
#..'.g...©⌠#:..'g.#.≈≈.# #.#
##.#.⌠.#..8#...#.##.≈≈.#
#.####
8#.######g######@#8.≈≈.#
#.....
##...............###≈≈.#
#####.
...###.#####.###..g#≈≈.# #.
.#.#.###.©.###.#.#g#≈≈.# #.
####...........#####≈≈.# #.
≈≈≈≈≈≈≈≈...≈≈≈≈≈≈≈≈≈≈≈.#####
#.
≈≈≈≈≈≈≈≈...≈≈≈≈≈≈≈≈≈≈≈.....#
#.
.......................###.#
#. ..##.##..#...##.#..##..#
#.# #.


You could see 4 gnolls.

Vanquished Creatures
  The ghost of boben the Slasher, an amateur DsGl (D:3)
  6 kobold brigands (Sewer)
  A centaur skeleton (D:3)
  7 adders
  5 gnolls (D:3)
  A river rat (Sewer)
  7 worms
  An orc (D:3)
  7 bats
  9 endoplasms
  3 giant cockroaches
  3 goblins
  4 hobgoblins
  3 jackals (D:3)
  11 kobolds
  2 quokkas (D:1)
  6 ball pythons
  2 frilled lizards
  6 rats
85 creatures vanquished.

Vanquished Creatures (collateral kills)
  An adder (D:2)
  A river rat (D:3)
  2 ball pythons (D:3)
  An endoplasm (D:2)
  A giant cockroach (D:3)
  A hobgoblin (D:2)
  A jackal (D:2)
  A rat (D:3)
9 creatures vanquished.

Vanquished Creatures (others)
  6 plants (D:3)
6 creatures vanquished.

Grand Total: 100 creatures vanquished

Notes
Turn   | Place    | Note
-------+----------+-------------------------------------------
     0 | D:1      | Angani the Djinni Hedge Wizard began the quest for the Orb.
     0 | D:1      | Reached XP level 1. HP: 15/15 MP: 0/0
    82 | D:1      | Found Ucsacan's Jewellery Emporium.
   344 | D:1      | Reached XP level 2. HP: 12/22 MP: 0/0
  1013 | D:1      | Reached skill level 3 in Spellcasting
  1212 | D:1      | Reached XP level 3. HP: 24/26 MP: 0/0
  1212 | D:1      | Learned a level 1 spell: Beastly Appendage
  1626 | D:2      | HP: 1/26 [adder (1)]
  1629 | D:2      | Reached skill level 1 in Fighting
  1883 | D:2      | Found a faded altar of an unknown god.
  2266 | D:2      | Reached XP level 4. HP: 22/32 MP: 0/0
  2922 | D:3      | Found a stormy altar of Qazlal.
  3067 | D:3      | Found a glowing drain.
  3075 | D:3      | Reached XP level 5. HP: 29/38 MP: 0/0
  3075 | D:3      | Learned a level 2 spell: Static Discharge
  3098 | Sewer    | Entered a sewer
  3462 | Sewer    | Noticed a kobold brigand
  3495 | Sewer    | Killed a kobold brigand
  3496 | Sewer    | Reached skill level 4 in Spellcasting
  3713 | Sewer    | Noticed a kobold brigand
  3727 | Sewer    | Killed a kobold brigand
  3728 | Sewer    | Reached XP level 6. HP: 20/45 MP: 0/0
  4142 | Sewer    | Reached skill level 5 in Spellcasting
  4263 | Sewer    | Reached XP level 7. HP: 20/49 MP: 0/0
  4263 | Sewer    | Learned a level 3 spell: Frozen Ramparts
  5785 | D:3      | Found a transporter.
  6009 | D:3      | Noticed boben's ghost (amateur DsGl)
  6021 | D:3      | Found a transporter.
  6258 | D:3      | Killed boben's ghost
  6259 | D:3      | Reached skill level 6 in Spellcasting
  6259 | D:3      | Reached XP level 8. HP: 30/56 MP: 0/0
  6264 | D:3      | Blown up by a gnoll

Illustrated notes

Levels and vault maps discovered:
D:1:      evilmike_arrival_hilbert_curve, layout_loops_ring, serial_shops, shop,
          hex_tiny
D:2:      layout_loops_cross, chequers_ecumenical_altar_twisty,
          kennysheep_potato
D:3:      layout_loops_ring, old_standard_altar, gammafunk_ghost_gnarly_gnolls,
          portal_sewer_entry_a

Skill      XL: |  1  2  3  4  5  6  7 |
---------------+----------------------+-----
Spellcasting   | 3 4 5 6 |  6.1
Fighting       | 1 2 3 |  3.5
Short Blades   | |  0.4
Dodging        | |  2.1
Stealth        | |  1.5

Action                   |  1- 3 |  4- 6 |  7- 9 || total
-------------------------+-------+-------+-------++-------
Melee: Dagger            |       |    19 |    23 ||    42
 Cast: Magic Dart        |    94 |    65 |       ||   159
       Slow              |     3 |       |       ||     3
       Call Imp          |     1 |     5 |       ||     6
       Conjure Flame     |       |     2 |       ||     2
       Static Discharge  |       |    19 |    31 ||    50
       Blink             |       |       |     2 ||     2
       Frozen Ramparts   |       |       |     2 ||     2
  Use: Potion            |     1 |       |       ||     1
Armor: Robe              |       |    10 |    14 ||    24
Dodge: Dodged            |     9 |    20 |    32 ||    61

Table legend: (Time is in decaauts)
 A = Elapsed time spent in this place.
 B = Non-inter-level travel time spent in this place.
 C = Inter-level travel time spent in this place.
 D = Time resting spent in this place.
 E = Time spent auto-exploring this place.
 F = Levels seen in this place.
 G = Mean time per level.
                   A        B        C        D        E       F      G
               +--------+--------+--------+--------+--------+-----+--------+
         Total |   6263 |   6164 |     99 |   3096 |   1838 |   4 | 1565.8 |
       Dungeon |   3749 |   3650 |     99 |   1173 |   1838 |   3 | 1249.7 |
         Sewer |   2514 |   2514 |      0 |   1923 |      0 |   1 | 2514.0 |
               +--------+--------+--------+--------+--------+-----+--------+

Top non-repeatable levels by time:
   Sewer: 2514 daAuts
     D:1: 1603 daAuts
     D:2: 1172 daAuts
     D:3: 973 daAuts
